 Dungeon Sprint DCSS version 0.17-a0-483-g810ce3f (webtiles) character file.

298 abernyte the Geomancer (level 6, -8/55 HPs)
             Began as a Troll Earth Elementalist on Apr 8, 2015.
             Was an Initiate of Vehumet.
             Mangled by a yak (13 damage)
             ... in the Dungeon (Sprint I: "Red Sonja").
             The game lasted 00:07:22 (145 turns).

abernyte the Geomancer (Troll Earth Elementalist)    Turns: 145, Time: 00:07:22

Health: -8/55      AC:  5    Str: 19    XL:     6   Next: 13%
Magic:  9/9        EV: 11    Int: 11    God:    Vehumet [......]
Gold:   162        SH:  0    Dex: 10    Spells: 1 memorised, 10 levels left

rFire  . . .     SeeInvis .     l - +0 giant club
rCold  . . .     Clarity  .     c - +0 robe
rNeg   . . .     SustAb   .     (no shield)
rPois  .         Gourm    +     (helmet restricted)
rElec  .         Spirit   .     (no cloak)
rCorr  .         Warding  .     (gloves unavailable)
rMut   .         NoTele   +     (boots unavailable)
MR     .....                    (no amulet)
Stlth  ++........               (no ring)
                                (no ring)

@: not resistant to hostile enchantments, unstealthy
A: unfitting armour, claws 3, fast metabolism 3, gourmand, regeneration 2,
shaggy fur 1, tough skin 2
a: Renounce Religion


You were in the Dungeon.
You worshipped Vehumet.
Vehumet was noncommittal.
You were not hungry.

You visited 1 branch You collected 162 gold pieces.

Inventory:

Hand weapons
 k - a +0 dagger
 l - a +0 giant club (weapon)
Missiles
 b - 20 stones (quivered)
Armour
 c - a +0 robe (worn)
Magical devices
 m - a wand of slowing (34)
Scrolls
 j - a scroll of blinking
Potions
 e - 2 potions of curing
 f - a potion of heal wounds
 g - a potion of haste
 h - 2 potions of magic
 i - a potion of berserk rage
Books
 d - a book of Geomancy

   Spells                             Type                      Level
   a - Sandblast                      Earth                        1
   b - Stoneskin                      Transmutation/Earth          2
   c - Passwall                       Transmutation/Earth          3
   d - Stone Arrow                    Conjuration/Earth            3
   e - Petrify                        Transmutation/Earth          4
   f - Lee's Rapid Deconstruction     Earth                        5
Comestibles
 a - 2 bread rations


   Skills:
 + Level 1.4 Fighting
 + Level 5.2 Dodging
 + Level 2.9 Stealth
 + Level 3.3 Unarmed Combat
 + Level 3.2 Spellcasting
   Level 0.6 Transmutations
 + Level 8.3 Earth Magic


You had 10 spell levels left.
You knew the following spells:

 Your Spells              Type           Power        Failure   Level  Hunger
a - Sandblast             Erth           ###...       1%          1    #......


Dungeon Overview and Level Annotations

Branches:
Dungeon (1/1)

Altars:
Cheibriados
Dithmenos
Elyvilon
Fedhas
Gozag
Kikubaaqudgha
Makhleb
Nemelex Xobeh
Okawaru
Qazlal
Ru
Sif Muna
Vehumet
Xom
Yredelemnul
Zin
The Shining One
Jiyva

Shops:
D }


Innate Abilities, Weirdness & Mutations

You are too large for most types of armour.
You have claws for hands.
Your metabolism is lightning-fast.
You like to eat raw meat.
You heal very quickly.
You are covered in fur (AC +1).
You have very tough skin (AC +2).


Message History

The yak gores you!
* * * LOW HITPOINT WARNING * * *
The yak misses you. The yak gores you.
* * * LOW HITPOINT WARNING * * *
There is an open door here.
You open the door.
A slime creature comes into view.
The yak closely misses you.
Found four altars.
The yak closely misses you.
There is an open door here.
An arrow shoots out and hits you!
* * * LOW HITPOINT WARNING * * *
There is an arrow trap here.
There isn't anything here!
You barely miss the yak.
The yak is moderately wounded.
The yak closely misses you. The yak gores you!
You die...

###################
#<.#..'..#..'..#__#
#..'..#..').#..Y@J+
#..#####'#####'#__#
#..# #..# #.####
#..#__#### ##.#
#..#_..__##+#..+
#⌠⌠#_.∩...'..._#
####_..._##_.#+#
#____ ##+# ####


You could see a slime creature (sleeping) and a yak.

Vanquished Creatures
  Sigmund (D)
  An ogre (D)
  A jelly (D)
  Ijyb (D)
4 creatures vanquished.

Notes
Turn   | Place    | Note
--------------------------------------------------------------
     0 | D        | abernyte, the Troll Earth Elementalist, began the quest for the Orb.
     0 | D        | Reached XP level 1. HP: 16/16 MP: 1/1
    14 | D        | Noticed Ijyb
    34 | D        | Killed Ijyb
    34 | D        | Reached skill level 1 in Unarmed Combat
    34 | D        | Reached skill level 4 in Earth Magic
    34 | D        | Reached XP level 2. HP: 19/24 MP: 1/3
    39 | D        | Noticed an ogre
    46 | D        | Killed an ogre
    46 | D        | Reached skill level 6 in Earth Magic
    46 | D        | Reached XP level 3. HP: 23/32 MP: 1/5
    46 | D        | Reached XP level 4. HP: 28/40 MP: 1/6
    64 | D        | Noticed Sigmund
    74 | D        | Killed Sigmund
    74 | D        | Reached skill level 1 in Fighting
    74 | D        | Reached skill level 5 in Dodging
    74 | D        | Reached skill level 8 in Earth Magic
    74 | D        | Reached XP level 5. HP: 38/48 MP: 4/8
    74 | D        | Reached XP level 6. HP: 43/55 MP: 4/9
    92 | D        | Found a deep blue altar of Sif Muna.
    93 | D        | Noticed a jelly
    95 | D        | Found a radiant altar of Vehumet.
    99 | D        | Killed a jelly
   122 | D        | Became a worshipper of Vehumet
   126 | D        | Found Edwa Biud's Gadget Emporium.
   126 | D        | Found a white marble altar of Elyvilon.
   126 | D        | Found a stormy altar of Qazlal.
   126 | D        | Found a burning altar of Makhleb.
   126 | D        | Found a sacrificial altar of Ru.
   126 | D        | Found a basalt altar of Yredelemnul.
   126 | D        | Found a glowing golden altar of the Shining One.
   126 | D        | Found a sparkling altar of Nemelex Xobeh.
   126 | D        | Found a shimmering altar of Xom.
   126 | D        | Found an opulent altar of Gozag.
   126 | D        | Found an ancient bone altar of Kikubaaqudgha.
   126 | D        | Found a glowing silver altar of Zin.
   126 | D        | Noticed a yak
   127 | D        | Found an iron altar of Okawaru.
   142 | D        | Found a snail-covered altar of Cheibriados.
   142 | D        | Found a viscous altar of Jiyva.
   142 | D        | Found a shadowy altar of Dithmenos.
   142 | D        | Found a blossoming altar of Fedhas.
   142 | D        | Noticed a slime creature
   145 | D        | Mangled by a yak

Action                   |  1- 3 |  4- 6 || total
-------------------------+-------+-------++-------
Melee: Unarmed           |    25 |     9 ||    34
       Giant club        |       |     8 ||     8
